 Dungeon Crawl Stone Soup version 0.29.0-10-g45618ea6d2 (webtiles) character file.

Game seed: 7025091539164656857

58 browni3141 the Trooper (level 4, -3/48 HPs)
             Began as an Ogre Enchanter on Sept 1, 2022.
             Slain by Robin
             ... wielding a +0 trident
              (7 damage)
             ... on level 2 of the Dungeon.
             The game lasted 00:02:28 (2204 turns).

browni3141 the Trooper (Ogre Enchanter)             Turns: 2204, Time: 00:02:28

Health: -3/48      AC:  3    Str: 14    XL:     4   Next: 2%
Magic:  7/7        EV:  9    Int: 16    God:
Gold:   81         SH:  0    Dex:  9    Spells: 7/7 levels left

rFire   . . .      SeeInvis .   a - +1 dagger
rCold   . . .      Faith    .   (no shield)
rNeg    + . .      Spirit   .   b - +0 robe
rPois   .          Reflect  .   (helmet restricted)
rElec   .          Harm     .   (no cloak)
rCorr   .          Rampage  .   (gloves unavailable)
Will    .....                   (boots unavailable)
Stlth   ++........              (no amulet)
HPRegen 0.16/turn               N - ring of positive energy
MPRegen 0.10/turn               (no ring)

@: invisible
A: large, unfitting armour, tough skin 1
a: no special abilities


You were on level 2 of the Dungeon.
You visited 1 branch of the dungeon, and saw 2 of its levels.

You collected 81 gold pieces.


Innate Abilities, Weirdness & Mutations

You are too large for most types of armour.
You have tough skin. (AC +1)


   Skills:
 - Level 4.0 Fighting
 - Level 0.8 Short Blades
 * Level 1.5 Throwing
 - Level 1.7 Dodging
 - Level 2.1 Stealth
 - Level 2.4 Spellcasting
 - Level 2.6 Hexes


You had 7 spell levels left.
You didn't know any spells.
Your spell library contained the following spells:

 Spells                   Type           Power      Damage    Failure   Level
 Ensorcelled Hibernation  Hex/Ice        12%        N/A       17%         2
 Confusing Touch          Hex            10%        N/A       21%         3
 Tukima's Dance           Hex            10%        N/A       21%         3
 Passwall                 Tmut/Erth      0%         N/A       30%         2
 Dazzling Flash           Conj/Hex       12%        N/A       34%         3
 Swiftness                Air            1%         N/A       52%         3

Inventory:

Hand Weapons
 a - a +1 dagger (weapon)
Missiles
 f - 2 poisoned darts (quivered) {@f3}
 g - 20 stones {@f1}
Armour
 b - a +0 robe (worn)
Jewellery
 r - an amulet of magic regeneration
 N - a ring of positive energy (left hand)
Scrolls
 d - 2 scrolls of teleportation {unknown}
 e - 2 scrolls of identify {unknown}
 i - a scroll of enchant armour {unknown}
Potions
 c - a potion of invisibility
 h - 2 potions of brilliance {unknown}

Dungeon Overview and Level Annotations

Branches:
Dungeon (2/15)

Altars:

Shops:
D:1 *

Annotations:
D:2 Robin

####### ..... #####
###### # #....# #
#.##.# . ######.##.#
#...##.##.#
###g########.#.##.##.#
#....)g...##gg.@g.##.#
#.#.#####((g)#######.#
# ######.......# #
#.####### # #.# # #.#
# #.#
###############.#
................#


You could see Robin (unable to see you), a hobgoblin (strong, unable to see you)
and 2 goblins.


Message History

Robin hits you from afar with a +0 trident.
* * * LOW HITPOINT WARNING * * *
You hit the hobgoblin but do no damage.
The hobgoblin is moderately wounded.
The hobgoblin hits you.
* * * LOW HITPOINT WARNING * * *
Robin hits you from afar with a +0 trident.
* * * LOW HITPOINT WARNING * * *
Unknown command.
You hit the hobgoblin.
The hobgoblin is almost dead.
You kill the hobgoblin!
Robin closely misses you.
Unknown command.
Robin roars a battlecry!
A goblin comes into view. It is wielding a +0 dagger.
The goblin shouts!
You hear a shout!
Robin looks more healthy.
A hobgoblin comes into view.
Robin throws the goblin at you!
* * * LOW HITPOINT WARNING * * *
You closely miss the goblin. The goblin hits you with a +0 dagger.
* * * LOW HITPOINT WARNING * * *
You hit the goblin but do no damage. The goblin hits you with a +0 dagger.
* * * LOW HITPOINT WARNING * * *
Robin barely misses you.
You fade into invisibility!
The goblin misses you.
Robin hits you from afar with a +0 trident!
You die...

Skill      XL: |  1  2  3 |
---------------+----------+-----
Fighting       | 2 3 4 |  4.0
Throwing       | 1 |  1.5
Short Blades   | |  0.8
Dodging        | |  1.7
Stealth        | |  2.1
Spellcasting   | |  2.4
Hexes          | |  2.6

Action                   |  1- 3 |  4- 6 || total
-------------------------+-------+-------++-------
Melee: Dagger            |   214 |     5 ||   219
       Punch             |     2 |       ||     2
Throw: Dart              |     3 |     3 ||     6
  Use: Potion            |       |     1 ||     1
 Stab: Sleeping          |     2 |       ||     2
Armor: Robe              |    87 |       ||    87
Dodge: Dodged            |   113 |     5 ||   118

Levels and vault maps discovered:
D:1:      dpeg_arrival_orchard, layout_rooms,
          ebering_ecumenical_altar_abandoned, serial_shops, shop_fountains
D:2:      layout_basic, st_stairs_3, nrook_mini_vaults, uniq_jessica,
          uniq_robin, uniq_sigmund

Notes
Turn   | Place    | Note
-------+----------+-------------------------------------------
     0 | D:1      | browni3141 the Ogre Enchanter began the quest for the Orb.
     0 | D:1      | Reached XP level 1. HP: 16/16 MP: 3/3
   249 | D:1      | Found Xopu's General Store.
   279 | D:1      | Reached skill level 1 in Fighting
   458 | D:1      | Reached skill level 2 in Fighting
   458 | D:1      | Reached XP level 2. HP: 15/28 MP: 5/5
   685 | D:1      | Found a faded altar of an unknown god.
  1353 | D:1      | Reached skill level 3 in Fighting
  1466 | D:1      | Reached XP level 3. HP: 27/37 MP: 6/6
  1909 | D:2      | Reached skill level 4 in Fighting
  1997 | D:2      | Reached skill level 1 in Throwing
  2190 | D:2      | Noticed Robin
  2192 | D:2      | Reached XP level 4. HP: 32/48 MP: 7/7
  2203 | D:2      | HP: 4/48 [goblin/+0 dagger[Robin] (3)]
  2204 | D:2      | Slain by Robin

Vanquished Creatures
  2 adders (D:2)
  A ball python (D:2)
  3 bats (D:1)
  3 endoplasms (D:1)
  A giant cockroach (D:1)
  7 goblins
  4 hobgoblins
  4 jackals (D:1)
  3 kobolds
  2 quokkas
  2 frilled lizards (D:1)
  2 rats (D:1)
34 creatures vanquished.

Table legend: (Time is in decaauts)
 A = Elapsed time spent in this place.
 B = Non-inter-level travel time spent in this place.
 C = Inter-level travel time spent in this place.
 D = Time resting spent in this place.
 E = Time spent auto-exploring this place.
 F = Levels seen in this place.
 G = Mean time per level.
                   A        B        C        D        E       F      G
               +--------+--------+--------+--------+--------+-----+--------+
         Total |   2193 |   2176 |     17 |     87 |   1678 |   2 | 1096.5 |
       Dungeon |   2193 |   2176 |     17 |     87 |   1678 |   2 | 1096.5 |
               +--------+--------+--------+--------+--------+-----+--------+

Top non-repeatable levels by time:
     D:1: 1724 daAuts
     D:2: 469 daAuts

Table legend:
 A = Non-vault XP
 B = Vault XP
 C = Vault XP percentage of total XP
 D = Non-vault monster count
 E = Vault monster count
 F = Vault count percentage of total count
                 A         B        C        D         E       F
            +---------+---------+-------+---------+---------+-------
      Total |      70 |      14 |  16.7 |      27 |       7 |  20.6
            +---------+---------+-------+---------+---------+-------
        D:1 |      36 |       4 |  10.0 |      21 |       2 |   8.7
        D:2 |      34 |      10 |  22.7 |       6 |       5 |  45.5
            +---------+---------+-------+---------+---------+-------
